 Dungeon Crawl Stone Soup version 0.29-a0-732-g3d7fbe0af2 (webtiles) character file.

Game seed: 11948493350414400572

99 coolguy69 the Cutter (level 4, 0/24 HPs)
             Began as a Vine Stalker Monk on June 29, 2022.
             Killed by divine providence
             ... invoked by an orc priest
              (12 damage)
             ... on level 4 of the Dungeon.
             The game lasted 00:02:19 (2480 turns).

coolguy69 the Cutter (Vine Stalker Monk)            Turns: 2480, Time: 00:02:23

Health: 0/24       AC:  4    Str: 13    XL:     4   Next: 72%
Magic:  0/5        EV: 13    Int: 10    God:
Gold:   165        SH:  0    Dex: 19    Spells: 3/3 levels left

rFire   . . .      SeeInvis .   a - +0 short sword
rCold   . . .      Faith    .   (no shield)
rNeg    . . .      Spirit   +   j - +0 leather armour
rPois   .          Reflect  .   (no helmet)
rElec   .          Harm     .   (no cloak)
rCorr   .          Rampage  .   u - +0 pair of gloves
Will    .....                   (no boots)
Stlth   ++........              (no amulet)
HPRegen 0.88/turn               (no ring)
MPRegen 0.09/turn               (no ring)

@: no status effects
A: fangs 2, regeneration 1, magic shield, antimagic bite, no potion heal 2
a: no special abilities


You were on level 4 of the Dungeon.
You visited 1 branch of the dungeon, and saw 4 of its levels.

You collected 165 gold pieces.

Inventory:

Hand Weapons
 a - a +0 short sword (weapon)
Armour
 j - a +0 leather armour (worn)
 u - a +0 pair of gloves (worn)
Jewellery
 f - an amulet of the acrobat
 g - a ring of magical power
 k - a ring of ice
 p - an amulet of regeneration
 x - a ring of positive energy
Scrolls
 b - a scroll of poison {unknown}
 e - 4 scrolls of identify {unknown}
 i - 2 scrolls of amnesia {unknown}
 m - a scroll of blinking {unknown}
 n - a scroll of fog {unknown}
 q - a scroll of enchant weapon {unknown}
 r - a scroll of teleportation {unknown}
 s - a scroll of summoning {unknown}
 w - a scroll of silence {unknown}
Potions
 c - 3 potions of ambrosia
 d - a potion of magic {unknown}
 h - 2 potions of might {unknown}
 l - 3 potions of curing {unknown}
 o - a potion of brilliance {unknown}
 t - a potion of lignification {unknown}
 v - a potion of degeneration {unknown}


   Skills:
 + Level 3.0 Fighting
 + Level 3.5 Short Blades
 + Level 0.7 Armour
 + Level 3.0 Dodging
 + Level 3.4 Stealth


You had 3 spell levels left.
You didn't know any spells.
Your spell library contained the following spells:

 Spells                   Type           Power      Damage    Failure   Level
 Ensorcelled Hibernation  Hex/Ice        0%         N/A       58%         2
 Passwall                 Tmut/Erth      0%         N/A       58%         2
 Swiftness                Air            0%         N/A       82%         3
 Tukima's Dance           Hex            0%         N/A       82%         3
 Animate Armour           Summ/Erth      0%         N/A       99%         4
 Passage of Golubria      Tloc           0%         N/A       99%         4
 Blade Hands              Tmut           0%         N/A       100%        5
 Yara's Violent Unravell  Hex/Tmut       0%         3d3       100%        5
 Iron Shot                Conj/Erth      0%         9d1       100%        6


Dungeon Overview and Level Annotations

Branches:
Dungeon (4/15)
 Temple: D:4-7

Altars:


Innate Abilities, Weirdness & Mutations

You have extremely sharp teeth.
Your natural rate of healing is unusually fast.
When hurt, damage is shared between your health and your magic reserves.
Your bite disrupts and absorbs the magic of your enemies.
Potions cannot restore your health.


Message History

The adder is lightly wounded.
The adder misses you.
A jackal comes into view.
You closely miss the adder.
The adder is lightly wounded.
The adder bites you.
A jackal comes into view.
The adder bites you but does no damage.
The jackal barks!
You hit the adder. Your bite misses the adder.
The adder is lightly wounded.
You hear a bark!
A jackal comes into view.
The adder bites you but does no damage.
You hit the adder. You bite the adder.
You kill the adder!
A jackal comes into view.
The orc priest misses you.
You hit the orc priest but do no damage.
The orc priest hits you but does no damage.
The orc hits you but does no damage.
You hit the orc priest.
The orc priest is moderately wounded.
The orc priest hits you with a +0 short sword.
The orc barely misses you.
You hit the orc priest.
The orc priest is heavily wounded.
The orc hits you with a +0 hand axe.
The orc priest hits you with a +0 short sword.
You closely miss the orc priest.
The orc priest is heavily wounded.
The orc hits you with a +0 hand axe.
An orc comes into view. It is wielding a +0 club.
You hit the orc.
The orc is heavily wounded.
The orc hits you with a +0 hand axe!
The orc priest invokes the aid of Beogh against you.
Beogh smites you!
Ouch! That really hurt!
You die... ....... ... ....... ... ....... .. .o..... .. .....##. .hhS. h#oo#

# #o@#
#.##.######.
#...........
####.########
#........#
########.#
#...<#.#
#.#..#.#
#.####.#


You could see an orc priest, an adder, 3 orcs and 2 jackals.

Vanquished Creatures
  4 adders
  A worm (D:2)
  2 dart slugs
  An orc (D:4)
  4 bats
  6 endoplasms
  3 giant cockroaches (D:2)
  7 goblins
  2 hobgoblins
  4 kobolds
  3 quokkas (D:1)
  6 ball pythons
  2 frilled lizards (D:1)
  7 rats
52 creatures vanquished.

Notes
Turn   | Place    | Note
-------+----------+-------------------------------------------
     0 | D:1      | coolguy69 the Vine Stalker Monk began the quest for the
                  | Orb.
     0 | D:1      | Reached XP level 1. HP: 11/11 MP: 2/2
    59 | D:1      | Reached XP level 2. HP: 12/16 MP: 1/3
   307 | D:1      | Found a faded altar of an unknown god.
   631 | D:1      | Reached XP level 3. HP: 19/19 MP: 4/4
   840 | D:1      | You fall into a shaft and drop 1 floor!
  1242 | D:2      | Gained mutation: Your natural rate of healing is unusually
                  | fast. [Vine Stalker growth]
  1242 | D:2      | Reached XP level 4. HP: 23/23 MP: 5/5
  2480 | D:4      | Killed from afar by an orc priest

Illustrated notes

Levels and vault maps discovered:
D:1:      lightli_arrival_farm, layout_loops_ring, ebering_ecumenical_altar_hall
D:2:      layout_loops_cross, minmay_liquid_box, minmay_misc_feat_plants,
          chequers_serial_rivers_large_a, hangedman_decor_clover_reticule,
          minmay_misc_feat_secret_circle
D:3:      layout_loops_cross
D:4:      layout_basic, okawaru_altar_gauntlet_db,
          eat_drink_and_be_merry_uskayaw, minmay_temple_entry_purple_smoke

Skill      XL: |  1  2  3  4 |
---------------+-------------+-----
Short Blades   | 3 |  3.5
Stealth        | 3 |  3.4
Dodging        | 3 |  3.0
Fighting       | 3 |  3.0
Armour         | |  0.7

Action                   |  1- 3 |  4- 6 || total
-------------------------+-------+-------++-------
Melee: Short sword       |    90 |    29 ||   119
       Bite              |    18 |     1 ||    19
 Stab: Sleeping          |     9 |     5 ||    14
Armor: Robe              |     5 |       ||     5
       Leather armour    |    15 |     7 ||    22
Dodge: Dodged            |    53 |    12 ||    65

Table legend: (Time is in decaauts)
 A = Elapsed time spent in this place.
 B = Non-inter-level travel time spent in this place.
 C = Inter-level travel time spent in this place.
 D = Time resting spent in this place.
 E = Time spent auto-exploring this place.
 F = Levels seen in this place.
 G = Mean time per level.
                   A        B        C        D        E       F      G
               +--------+--------+--------+--------+--------+-----+--------+
         Total |   2503 |   2370 |    133 |      0 |   2010 |   4 |  625.8 |
       Dungeon |   2503 |   2370 |    133 |      0 |   2010 |   4 |  625.8 |
               +--------+--------+--------+--------+--------+-----+--------+

Top non-repeatable levels by time:
     D:1: 1019 daAuts
     D:2: 889 daAuts
     D:3: 561 daAuts
     D:4: 32 daAuts
